 Dungeon Crawl Stone Soup version 0.29.1-12-g30fa7ad0bf (webtiles) character file.

Game seed: 4202408285814399734

175 hawla the Chiller (level 6, 0/45 HPs)
             Began as a Meteoran Ice Elementalist on Dec 26, 2022.
             Succumbed to Edmund's poison
             ... on level 4 of the Dungeon.
             The game lasted 00:04:30 (779 turns).

hawla the Chiller (Meteoran Ice Elementalist)        Turns: 779, Time: 00:04:30

Health: 0/45       AC:  2    Str: 10    XL:     6   Next: 11%
Magic:  6/12       EV: 12    Int: 19    God:
Gold:   53         SH:  0    Dex: 14    Spells: 4/12 levels left

rFire   . . .      SeeInvis .   (no weapon)
rCold   . . .      Faith    .   (no shield)
rNeg    . . .      Spirit   .   a - +0 robe
rPois   .          Reflect  .   (no helmet)
rElec   .          Harm     .   (no cloak)
rCorr   .          Rampage  .   (no gloves)
Will    .....                   (no boots)
Stlth   +.........              (no amulet)
HPRegen 0.15/turn               c - ring of flight
MPRegen 0.13/turn               k - ring of wizardry

@: mighty, lethally poisoned (0 -> -19), freezing walls, flying, hasted,
glowing, very quick
A: sense surroundings 1, otherworldly, glowing, explore regen
a: no special abilities


You were on level 4 of the Dungeon.
You visited 1 branch of the dungeon, and saw 4 of its levels.

You collected 53 gold pieces.

Inventory:

Armour
 a - a +0 robe (worn)
Jewellery
 c - a ring of flight (left hand)
 k - a ring of wizardry (right hand)
Scrolls
 d - a scroll of identify {unknown}
 g - a scroll of fear {unknown}
 j - a scroll of teleportation {unknown}
 l - a scroll of vulnerability {unknown}
Potions
 b - a potion of magic
 f - a potion of flight {unknown}
 h - a potion of heal wounds {unknown}
 i - a potion of haste


   Skills:
 - Level 0.3 Fighting
 - Level 2.6 Dodging
 - Level 1.4 Stealth
 - Level 3.7 Spellcasting
 + Level 4.4 Conjurations
 - Level 5.2 Ice Magic


You had 4 spell levels left.
You knew the following spells:

 Your Spells              Type           Power      Damage    Failure   Level
a - Freeze                Ice            92%        1d10      1%          1
b - Frozen Ramparts       Ice            46%        1d7       1%          3
c - Hailstorm             Conj/Ice       21%        3d6       9%          4

Your spell library contained the following spells:

 Spells                   Type           Power      Damage    Failure   Level
 Ozocubu's Armour         Ice            23%        N/A       1%          3
 Static Discharge         Conj/Air       11%        3-5/arc   3%          2
 Gell's Gravitas          Tloc           3%         N/A       16%         3
 Lesser Beckoning         Tloc           3%         N/A       16%         3
 Teleport Other           Tloc           3%         N/A       16%         3
 Lightning Bolt           Conj/Air       5%         1d17      52%         5
 Maxwell's Capacitive Co  Air            1%         ∞         100%        8


Dungeon Overview and Level Annotations

Branches:
Dungeon (4/15) Zot: 1622
 Temple: D:4-7

Altars:

Annotations:
D:4 Edmund


Innate Abilities, Weirdness & Mutations

You passively map a small area around you.
You are easily found by Zot.
You glow in the dark.
You regain HP and MP as you explore.


Message History

You are poisoned.
Casting: Frozen Ramparts (safe; 1% risk of failure)
Confirm with . or Enter, or press ? or * to list all spells.
Aiming: Freeze (safe; 1% risk of failure)
Press: ? - help, Shift-Dir - straight line, f - Edmund
Aim: Edmund, wielding a +2 flail of venom and wearing a +0 ring mail (lightly wounded)
You freeze Edmund.
Edmund is lightly wounded.
You feel sick.
The wall freezes Edmund.
Edmund hits you with a +2 flail of venom!
You are more poisoned.
Casting: Freeze (safe; 1% risk of failure)
Confirm with . or Enter, or press ? or * to list all spells.
Aiming: Freeze (safe; 1% risk of failure)
Press: ? - help, Shift-Dir - straight line, f/p - Edmund
Aim: Edmund, wielding a +2 flail of venom and wearing a +0 ring mail (moderately wounded)
You freeze Edmund.
Edmund is heavily wounded.
You feel very sick.
The wall freezes Edmund.
Edmund hits you with a +2 flail of venom.
You are lethally poisoned!
Casting: Freeze (safe; 1% risk of failure)
Confirm with . or Enter, or press ? or * to list all spells.
Aiming: Freeze (safe; 1% risk of failure)
Press: ? - help, Shift-Dir - straight line, f/p - Edmund
Aim: Edmund, wielding a +2 flail of venom and wearing a +0 ring mail (heavily wounded)
You freeze Edmund.
Edmund is heavily wounded.
You feel very sick.
The wall freezes Edmund!
Edmund hits you with a +2 flail of venom!
* * * LOW HITPOINT WARNING * * *
It was a potion of might.
You feel very mighty all of a sudden.
* * * LOW HITPOINT WARNING * * *
You feel very sick.
The wall freezes Edmund.
Edmund completely misses you.
It was a potion of haste.
You feel yourself speed up.
You die...

#..............####....#
##..............#.......
##..................>..
##....................
##..................†
#...................
##..................
##.................
#@................
##@.............##
##..##......####
#...######## .....#
..?.#* ....# * * ,,
...#,,,, * , *


You could see Edmund.

Vanquished Creatures
  A hound (D:4)
  A gnoll bouda (D:4)
  6 gnolls
  2 adders
  2 dart slugs
  3 ball pythons
  A bat (D:2)
  4 endoplasms
  4 hobgoblins
  3 jackals
  2 quokkas (D:3)
  A frilled lizard (D:2)
  4 goblins
  2 kobolds (D:2)
  3 rats
39 creatures vanquished.

Notes
Turn   | Place    | Note
-------+----------+-------------------------------------------
     0 | D:1      | hawla the Meteoran Ice Elementalist began the quest for the
                  | Orb.
     0 | D:1      | Reached XP level 1. HP: 14/14 MP: 5/5
   165 | D:1      | Reached XP level 2. HP: 12/20 MP: 1/6
   484 | D:2      | Reached skill level 5 in Ice Magic
   484 | D:2      | Reached XP level 3. HP: 23/26 MP: 6/8
   488 | D:2      | Learned a level 3 spell: Frozen Ramparts
   523 | D:2      | Found a faded altar of an unknown god.
   539 | D:2      | Reached XP level 4. HP: 24/33 MP: 5/10
   544 | D:2      | Learned a level 4 spell: Hailstorm
   631 | D:3      | Reached skill level 1 in Conjurations
   658 | D:4      | Reached XP level 5. HP: 28/38 MP: 6/11
   732 | D:4      | Reached XP level 6. HP: 45/45 MP: 1/12
   770 | D:4      | Noticed Edmund
   779 | D:4      | Succumbed to Edmund's poison

Illustrated notes

Levels and vault maps discovered:
D:1:      sevenhm_arrival_forest_fort_small_5, layout_loops_corners,
          minmay_hexomino_r4
D:2:      layout_loops_corners, shapermc_ecumenical_altar_starsandcircs
D:3:      layout_rooms, mainiacjoe_overflow_alcove_4,
          grunt_temple_overflow_diamond, pf_guarded_unrand_delatra
D:4:      layout_cave_pods, nicolae_overflow_crystal_walls, dk_vineyard_1,
          uniq_edmund, uniq_crazy_yiuf_cottage

Skill      XL: |  1  2  3  4  5 |
---------------+----------------+-----
Ice Magic      | 5 |  5.2
Spellcasting   | 3 |  3.7
Conjurations   | 2 4 |  4.4
Fighting       | |  0.3
Dodging        | |  2.6
Stealth        | |  1.4

Action                   |  1- 3 |  4- 6 || total
-------------------------+-------+-------++-------
Melee: Unarmed           |     2 |     4 ||     6
 Cast: Freeze            |    23 |    17 ||    40
       Frozen Ramparts   |     1 |     8 ||     9
       Hailstorm         |       |     1 ||     1
  Use: Potion            |       |     2 ||     2
Armor: Robe              |     6 |    11 ||    17
Dodge: Dodged            |     9 |    12 ||    21
